[Event "Early-Titled-Tuesday-Blitz-May-14-2024"]
[Site "Chess.com"]
[Date "2024.05.14"]
[Round "9"]
[White "Nasrin_Babayeva"]
[Black "elcala"]
[Result "0-1"]
[WhiteElo "1959"]
[BlackElo "1947"]
[TimeControl "180+1"]
[EndTime "9:45:29 PDT"]
[Termination "elcala won by checkmate"]

1. d4 d5 2. c4 c6 3. e3 Nf6 4. Nf3 g6 5. Nc3 Bg7 6. b3 O-O 7. Bd3 Re8 8. O-O Bf5 9. Bxf5 gxf5 10. Ne5 e6 11. Bb2 Nbd7 12. Nxd7 Nxd7 13. f4 a6 14. Rf3 Kh8 15. Rh3 Nf6 16. Ne2 Ng4 17. Ng3 Qf6 18. Nh5 Qg6 19. Qf3 Rg8 20. Nxg7 Rxg7 21.
Rg3 Qf6 22. Ba3 Rag8 23. h3 Nh6 24. Rxg7 Qxg7 25. Bd6 f6 26. a4 Nf7 27. Bc5 e5 28. fxe5 fxe5 29. Qxf5 Qxg2# 0-1

[Event "Early-Titled-Tuesday-Blitz-May-14-2024"]
[Site "Chess.com"]
[Date "2024.05.14"]
[Round "9"]
[White "youngdinousaur"]
[Black "VirtualCoach"]
[Result "0-1"]
[WhiteElo "2361"]
[BlackElo "2214"]
[TimeControl "180+1"]
[EndTime "9:45:30 PDT"]
[Termination "VirtualCoach won by resignation"]

1. d4 Nf6 2. Bg5 d5 3. e3 e6 4. Bd3 Be7 5. c3 Nbd7 6. f4 c5 7.
Nf3 h6 8. Bh4 b6 9. Nbd2 Bb7 10.
O-O Rc8 11. Ne5 Qc7 12. Qf3 Bd6 13. Qg3 Rg8 14. Rae1 g5 15. fxg5 hxg5 16. Bxg5 Nxe5 17. dxe5 Bxe5 18. Qh4 Bxh2+ 19. Qxh2 Qxh2+ 20. Kxh2 Ng4+ 21. Kg3 Rxg5 22. Kf4 Rg8 23. Bb5+ Ke7 24. Be2 Nf6 25. Rh1 Rxg2 26. Bf3 Rxd2 0-1

[Event "Early-Titled-Tuesday-Blitz-May-14-2024"]
[Site "Chess.com"]
[Date "2024.05.14"]
[Round "9"]
[White "Pumpkin_in_moonlight"]
[Black "maurovargas01"]
[Result "1-0"]
[WhiteElo "2192"]
[BlackElo "1951"]
[TimeControl "180+1"]
[EndTime "9:45:31 PDT"]
[Termination "Pumpkin_in_moonlight won on time"]

1. e4 c6 2. d4 d5 3. e5 Bf5 4. Bd3 Bxd3 5. Qxd3 Qa5+ 6. Bd2 Qa6 7. Qg3 e6 8. Ne2 Ne7 9. Nbc3 Nf5 10. Qf3 Nd7 11.
O-O b5 12. a3 Qb6 13. Qf4 g6 14. Be3 Bh6 15. Qf3 Nxe3 16. fxe3 O-O 17. Kh1 a5 18. b4 Bg7 19. Nf4 Rfe8 20. Nd3 1-0

[Event "Early-Titled-Tuesday-Blitz-May-14-2024"]
[Site "Chess.com"]
[Date "2024.05.14"]
[Round "9"]
[White "Djager97"]
[Black "FREDERICKtheMATE"]
[Result "0-1"]
[WhiteElo "2540"]
[BlackElo "2678"]
[TimeControl "180+1"]
[EndTime "9:45:33 PDT"]
[Termination "FREDERICKtheMATE won on time"]

1. e4 e5 2. Nf3 Nc6 3. Bc4 Nf6 4. d4 exd4 5. O-O Nxe4 6. Re1 d5 7. Bxd5 Qxd5 8. Nc3 Qh5 9. Nxe4 Be6 10. Bg5 Bd6 11.
Nxd6+ cxd6 12. Bf4 Qd5 13. c3 Qf5 14. Bg3 dxc3 15. bxc3 O-O 16. Qxd6 Rfd8 17. Qf4 Qxf4 18. Bxf4 Rd3 19. Re3 Rad8 20. h4 h6 21. a4 b6 22.
Rae1 Rxe3 23. Bxe3 Bb3 24. Nd4 Nxd4 25. Bxd4 Bxa4 26. Re7 Bd7 27. f3 Kf8 28. Re1 Be6 29. Kf2 Bc4 30. Ra1 Rd7 31. g4 f6 32. Ke3 Re7+ 33.
Kf4 Kf7 34. g5 fxg5+ 35. hxg5 h5 36. Kg3 g6 37. Ra4 Bd3 38. Ra1 Bf5 39. Bf6 Rb7 40. Bd4 Ke6 41. Kf4 Kd5 42. Re1 Kc4 43. Re8 a5 44. Ra8 h4 0-1

[Event "Early-Titled-Tuesday-Blitz-May-14-2024"]
[Site "Chess.com"]
[Date "2024.05.14"]
[Round "9"]
[White "HeroWilczek"]
[Black "InitiatingASC"]
[Result "1-0"]
[WhiteElo "2543"]
[BlackElo "2417"]
[TimeControl "180+1"]
[EndTime "9:45:33 PDT"]
[Termination "HeroWilczek won by resignation"]

1. e3 e6 2. c3 b6 3. d4 Bb7 4. Nf3 c5 5. Bd3 cxd4 6. exd4 Nf6 7. O-O Be7 8. Bf4 O-O 9. Re1 d6 10. Nbd2 Nbd7 11. Qc2 Re8 12. Rad1 Nf8 13. Ne4 Rc8 14. h3 Nd5 15. Bh2 Nb4 16. Qb1 Nxd3 17. Qxd3 Qc7 18. Qb5 a6 19. Qh5 Qc6 20. d5 Qb5 21. Nd4 Qxd5 22.
Qxd5 Bxd5 23. Bxd6 Bxa2 24. Bxe7 Rxe7 25. Ra1 Bc4 26.
Nd6 Rec7 27. Nxc8 Rxc8 28. b3 Bd3 29. c4 a5 30. Rad1 Bg6 31. Rd2 h6 32. Red1 a4 33. Rc1 axb3 34. Nxb3 Be4 35. f3 Bb7 36. Rd6 Ba6 37. Nd2 Rb8 38. Rb1 1-0

[Event "Early-Titled-Tuesday-Blitz-May-14-2024"]
[Site "Chess.com"]
[Date "2024.05.14"]
[Round "9"]
[White "NovoselovRoman"]
[Black "malakismayil"]
[Result "1-0"]
[WhiteElo "2659"]
[BlackElo "2534"]
[TimeControl "180+1"]
[EndTime "9:45:35 PDT"]
[Termination "NovoselovRoman won by checkmate"]

1. d4 d5 2. Nf3 Nf6 3. Bf4 e6 4. e3 Be7 5. Nbd2 O-O 6. Bd3 c5 7. c3 Nc6 8. Ne5 Nxe5 9. dxe5 Nd7 10. Qh5 f5 11. g4 c4 12. Bc2 Nc5 13. gxf5 exf5 14.
Rg1 Kh8 15. Nf3 Be6 16. Nd4 Qe8 17. Qh3 Qf7 18. O-O-O b5 19. Rg2 b4 20. Rdg1 bxc3 21.
Rxg7 Qxg7 22. Rxg7 Kxg7 23. Qh6+ Kf7 24. Nxe6 Nxe6 25.
Bxf5 Nxf4 26. exf4 Rab8 27. Qh5+ Kg7 28. Qxh7# 1-0

[Event "Early-Titled-Tuesday-Blitz-May-14-2024"]
[Site "Chess.com"]
[Date "2024.05.14"]
[Round "9"]
[White "Legendinunknown"]
[Black "MalyDominator"]
[Result "1-0"]
[WhiteElo "2827"]
[BlackElo "2644"]
[TimeControl "180+1"]
[EndTime "9:45:38 PDT"]
[Termination "Legendinunknown won by checkmate"]

1. c4 e6 2. Nc3 d5 3. d4 Nf6 4. cxd5 Nxd5 5. e4 Nxc3 6. bxc3 c5 7. Rb1 cxd4 8. cxd4 Nc6 9. Nf3 Bb4+ 10. Bd2 Bxd2+ 11. Qxd2 O-O 12. Be2 Ne7 13. O-O b6 14. Ne5 Bb7 15.
Qe3 Ng6 16. Nxg6 hxg6 17. Rfd1 Rc8 18. Bf3 Qc7 19. h4 Qc2 20. Rbc1 Qxa2 21. Ra1 Qc2 22.
Rxa7 Qc7 23. e5 Rb8 24. Rc1 Qe7 25. Rb1 Rfc8 26. Rxb6 Rc7 27. g3 Bxf3 28. Rxb8+ Kh7 29. Rxc7 Qxc7 30. Rb1 Ba8 31. Kh2 Qc6 32. Rg1 Qd5 33.
g4 Bc6 34. Kg3 Kg8 35. f3 Bb7 36. Rc1 Bc6 37. Rc5 Qd7 38. Qc3 Bd5 39. Rc8+ Kh7 40.
h5 gxh5 41. gxh5 Qe7 42. Qc2+ g6 43. hxg6+ Kg7 44. Qd2 Qa3 45. Qf4 fxg6 46. Qf6+ Kh7 47. Rh8# 1-0

[Event "Early-Titled-Tuesday-Blitz-May-14-2024"]
[Site "Chess.com"]
[Date "2024.05.14"]
[Round "9"]
[White "Stanbad1"]
[Black "ccccvhhhj"]
[Result "1-0"]
[WhiteElo "2602"]
[BlackElo "2449"]
[TimeControl "180+1"]
[EndTime "9:45:38 PDT"]
[Termination "Stanbad1 won by resignation"]

1. d4 Nf6 2. Nc3 e6 3. e4 d5 4.
Bg5 Be7 5. e5 Nfd7 6. Bxe7 Qxe7 7.
f4 O-O 8. Nf3 c5 9. Ne2 cxd4 10.
Qd2 Nc6 11. Nexd4 Nc5 12. Bd3 Nxd4 13. Nxd4 Bd7 14. O-O Rac8 15. Rae1 a6 16. h3 Nxd3 17. cxd3 Qc5 18. Qf2 Bb5 19. Rd1 g6 20. g4 Kh8 21.
Kh2 Qc7 22. Qe3 Qe7 23. f5 gxf5 24. gxf5 Rg8 25. fxe6 fxe6 26. Rf6 Qg7 27. Qf2 Bd7 28.
Re1 Rce8 29. Rf7 Qg6 30. Rxd7 Qxd3 31. Qf6+ 1-0

[Event "Early-Titled-Tuesday-Blitz-May-14-2024"]
[Site "Chess.com"]
[Date "2024.05.14"]
[Round "9"]
[White "grozdanovic_a"]
[Black "Dewarfd"]
[Result "0-1"]
[WhiteElo "2297"]
[BlackElo "2096"]
[TimeControl "180+1"]
[EndTime "9:45:40 PDT"]
[Termination "Dewarfd won by resignation"]

1. d4 Nf6 2. Nf3 g6 3. g3 Bg7 4. Bg2 c6 5. O-O O-O 6. Re1 d5 7. h3 Nbd7 8. Nbd2 Qc7 9. e4 dxe4 10. Nxe4 Nxe4 11. Rxe4 e5 12. dxe5 Nxe5 13. Bf4 Nxf3+ 14. Bxf3 Qb6 15. Bd6 Rd8 16. c4 c5 17. Qb3 Rxd6 18. Re8+ Bf8 19. Qc3 Rd8 20. Rae1 Be6 21. Rxd8 Rxd8 22. b3 Bg7 23. Qc2 Qc7 24. h4 Bd4 25. Kg2 b6 26. a4 Qd7 27. Rd1 Bh3+ 28. Kh2 Bg4 29. Bxg4 Qxg4 30. Re1 Qf3 31. Re2 Kg7 32. Rd2 Re8 33. Qc1 Bxf2 0-1

[Event "Early-Titled-Tuesday-Blitz-May-14-2024"]
[Site "Chess.com"]
[Date "2024.05.14"]
[Round "9"]
[White "ChessQueen"]
[Black "bazar-wokzal"]
[Result "1-0"]
[WhiteElo "2779"]
[BlackElo "2611"]
[TimeControl "180+1"]
[EndTime "9:45:41 PDT"]
[Termination "ChessQueen won by resignation"]

1. e4 Nc6 2. Nf3 d5 3. exd5 Qxd5 4. Nc3 Qa5 5. d4 Bg4 6. Bb5 O-O-O 7. Bxc6 bxc6 8. h3 Qh5 9. Qe2 Bxf3 10. gxf3 e6 11. Bd2 Bb4 12. O-O-O Bxc3 13. Bxc3 Ne7 14. Qa6+ Kd7 15.
Rd3 Qb5 16. Qa3 Nd5 17. Bd2 Rb8 18. b3 Ne7 19. Bf4 Rb7 20. h4 a5 21. Re1 Ng6 22.
Bd2 Ra8 23. c4 Qf5 24. Re4 Nxh4 25. d5 cxd5 26. cxd5 exd5 27. Qe7+ Kc6 28. Rc3+ Kb5 29. Qc5+ Ka6 30. Qc6+ Ka7 31. Be3+ Kb8 32. Re8+ 1-0

[Event "Early-Titled-Tuesday-Blitz-May-14-2024"]
[Site "Chess.com"]
[Date "2024.05.14"]
[Round "9"]
[White "Skatchkov_V"]
[Black "Byniolus"]
[Result "1-0"]
[WhiteElo "2652"]
[BlackElo "2799"]
[TimeControl "180+1"]
[EndTime "9:45:45 PDT"]
[Termination "Skatchkov_V won by resignation"]

1. d4 d6 2. e4 Nf6 3. Nc3 c6 4. Nf3 Bg4 5. Bg5 h6 6. Bxf6 gxf6 7. Be2 e6 8. a4 d5 9. Qd2 Bb4 10. Qf4 Bh5 11. O-O Nd7 12. Rfe1 Kf8 13. h3 Bg6 14.
Bd3 dxe4 15. Bxe4 Bxe4 16. Rxe4 Qa5 17. Rb1 Rd8 18. d5 Bxc3 19. dxe6 fxe6 20. bxc3 Qf5 21. Qd6+ Kf7 22. Rd4 Nc5 23. Qc7+ 1-0

[Event "Early-Titled-Tuesday-Blitz-May-14-2024"]
[Site "Chess.com"]
[Date "2024.05.14"]
[Round "9"]
[White "Crazy_girl99"]
[Black "Kotofeyca"]
[Result "1-0"]
[WhiteElo "2638"]
[BlackElo "2504"]
[TimeControl "180+1"]
[EndTime "9:45:45 PDT"]
[Termination "Crazy_girl99 won on time"]

1. e4 c5 2. Nf3 d6 3. d4 cxd4 4. Nxd4 Nf6 5. Nc3 a6 6. h3 b5 7. a3 Bb7 8. Bd3 e6 9. Be3 Be7 10. O-O Nc6 11. Nde2 d5 12. exd5 Nxd5 13. Nxd5 Qxd5 14.
Nf4 Qd8 15. Qg4 Ne5 16. Qxg7 Bf6 17. Qh6 Nxd3 18. cxd3 Bxb2 19. Rab1 Qf6 20. Qh5 Bxa3 21. Rxb5 Bxg2 22. Rb6 Rg8 23. Nxg2 Rd8 24. Kh1 Rd5 25.
Qh4 Qg6 26. Nf4 1-0

[Event "Early-Titled-Tuesday-Blitz-May-14-2024"]
[Site "Chess.com"]
[Date "2024.05.14"]
[Round "9"]
[White "fmAguilar1"]
[Black "PabloZarnicki"]
[Result "1/2-1/2"]
[WhiteElo "2332"]
[BlackElo "2543"]
[TimeControl "180+1"]
[EndTime "9:45:46 PDT"]
[Termination "Game drawn by repetition"]

1. e4 c5 2. Nf3 d6 3. d4 cxd4 4. Nxd4 Nf6 5. Nc3 Nc6 6. Nd5 e6 7. Nxf6+ Qxf6 8. Nb5 Qd8 9. Bf4 e5 10. Be3 a6 11. Nc3 Be7 12. Bc4 O-O 13. O-O Be6 14.
Bb3 Rc8 15. Qd2 h6 16. Rad1 Qc7 17. f4 exf4 18. Bxf4 Ne5 19. Kh1 b5 20. a3 Qb7 21.
Bd5 Qb6 22. Bxh6 gxh6 23. Qxh6 Ng4 24. Qh5 Nf2+ 25. Rxf2 Qxf2 26. Bxe6 Rc5 27. Qg6+ Kh8 28. Qh6+ Kg8 29. Qg6+ Kh8 30. Qh6+ Kg8 31. Qg6+ 1/2-1/2

[Event "Early-Titled-Tuesday-Blitz-May-14-2024"]
[Site "Chess.com"]
[Date "2024.05.14"]
[Round "9"]
[White "HajiyevKanan"]
[Black "Renatoforf"]
[Result "1-0"]
[WhiteElo "2460"]
[BlackElo "1964"]
[TimeControl "180+1"]
[EndTime "9:45:48 PDT"]
[Termination "HajiyevKanan won by resignation"]

1. d4 Nf6 2. Nf3 g6 3. c4 Bg7 4. g3 c5 5. Bg2 O-O 6. O-O Nc6 7. d5 Na5 8. Nbd2 d6 9. Qc2 b5 10. cxb5 a6 11. bxa6 Bxa6 12. Re1 Qb6 13. e4 Nd7 14. Rb1 Rfb8 15. b3 Qc7 16. Bb2 Bxb2 17. Rxb2 Qb6 18.
Bf1 Bxf1 19. Rxf1 Qa6 20. Rc1 Qe2 21. Kg2 Rb4 22. a3 Rb7 23. b4 Rab8 24. Re1 Qa6 25. Reb1 cxb4 26. Rxb4 Nc5 27. Rxb7 Rxb7 28. Rxb7 Qxb7 29.
Nc4 Nxc4 30. Qxc4 Qa6 31. Qxa6 Nxa6 32. Nd4 Nc5 33. Kf3 Kf8 34. Ke3 Ke8 35. f3 Kd7 36. Kd2 Kc7 37. Kc3 Kb6 38. h4 h5 39.
Nc6 e6 40. Nd8 exd5 41. exd5 f5 42. Nf7 Nb7 43. Nh8 Kc5 44. Nxg6 Kxd5 45. Nf4+ Ke5 46. Nxh5 Nc5 47. Nf4 d5 48. h5 d4+ 49. Kc4 d3 50.
Nxd3+ 1-0

[Event "Early-Titled-Tuesday-Blitz-May-14-2024"]
[Site "Chess.com"]
[Date "2024.05.14"]
[Round "9"]
[White "Aswathchess"]
[Black "francyIM"]
[Result "1-0"]
[WhiteElo "2689"]
[BlackElo "2856"]
[TimeControl "180+1"]
[EndTime "9:45:50 PDT"]
[Termination "Aswathchess won by resignation"]

1. d4 Nf6 2. c4 e6 3. Nf3 c5 4.
d5 exd5 5. cxd5 d6 6. Nc3 g6 7.
Bf4 a6 8. h3 Bg7 9. e3 O-O 10.
a4 Re8 11. Be2 Nbd7 12. O-O Nh5 13. Bh2 f5 14. Bxd6 Qb6 15. Bh2 Qxb2 16. Rc1 Bxc3 17. Rb1 Qa2 18. Rc1 Bg7 19. Bc4 Qb2 20. d6+ Kh8 21.
Ng5 h6 22. Bf7 hxg5 23. Bxe8 Kh7 24. Bxd7 Bxd7 25. Rxc5 Qb4 26. Rc7 Bxa4 27. Qa1 Kh6 28. Be5 Bxe5 29. Qxe5 Bc6 30. d7 Rd8 31. Rc8 Qf8 32.
Qb8 1-0

[Event "Early-Titled-Tuesday-Blitz-May-14-2024"]
[Site "Chess.com"]
[Date "2024.05.14"]
[Round "9"]
[White "Oleksandr_Bortnyk"]
[Black "savitha1030"]
[Result "1-0"]
[WhiteElo "3038"]
[BlackElo "2558"]
[TimeControl "180+1"]
[EndTime "9:45:52 PDT"]
[Termination "Oleksandr_Bortnyk won by checkmate"]

1. e4 c5 2. c3 d5 3. exd5 Qxd5 4.
d4 f6 5. Be3 cxd4 6. cxd4 Nc6 7. Nc3 Qa5 8. d5 Ne5 9. f4 Nd7 10. Nf3 Nh6 11. Nd4 a6 12. Ne6 Nf5 13. Bf2 Kf7 14.
Bd3 Nd6 15. Qh5+ Kg8 16. O-O Nb8 17. f5 Bxe6 18. fxe6 g6 19. Qh4 b5 20. b4 Qc7 21.
Rac1 Qd8 22. Bc5 a5 23. Bxd6 Qxd6 24. Ne4 Qb6+ 25. Kh1 Na6 26. Nxf6+ exf6 27. Qxf6 Qb7 28. Bxb5 Qe7 29. Bxa6 Rxa6 30. Qxe7 Bxe7 31. Rc8+ Kg7 32.
Rf7+ Kh6 33. Rxh8 Bxb4 34. h4 Rd6 35. Rhxh7# 1-0

[Event "Early-Titled-Tuesday-Blitz-May-14-2024"]
[Site "Chess.com"]
[Date "2024.05.14"]
[Round "9"]
[White "super_emi_26"]
[Black "GelmanAlexander"]
[Result "1-0"]
[WhiteElo "2878"]
[BlackElo "2667"]
[TimeControl "180+1"]
[EndTime "9:45:56 PDT"]
[Termination "super_emi_26 won by resignation"]

1. b3 c5 2. Bb2 e6 3. e3 Nf6 4. Nf3 a6 5. d4 d6 6. dxc5 Qa5+ 7.
Nbd2 Qxc5 8. c4 Nbd7 9. Bd3 Qc7 10. a3 b6 11. b4 Bb7 12. O-O Rg8 13. Ng5 Be7 14. Rc1 Rc8 15. Nxh7 Nxh7 16. Bxh7 Rh8 17.
Bd3 d5 18. f4 Qd6 19. cxd5 Rxc1 20. Qxc1 exd5 21. Bxg7 Rg8 22. Bd4 Bf6 23. Nf3 Bxd4 24.
Nxd4 Nf6 25. Qc2 Ng4 26. h3 Nxe3 27. Re1 Qxf4 28. Qf2 Qxf2+ 29. Kxf2 Rxg2+ 30. Kxe3 Kf8 31. Rc1 Rg3+ 32. Kd2 Rg2+ 33. Be2 a5 34. Rc7 Ba6 35. b5 1-0

[Event "Early-Titled-Tuesday-Blitz-May-14-2024"]
[Site "Chess.com"]
[Date "2024.05.14"]
[Round "9"]
[White "Shushik"]
[Black "ab-lsv"]
[Result "1-0"]
[WhiteElo "2539"]
[BlackElo "2344"]
[TimeControl "180+1"]
[EndTime "9:45:56 PDT"]
[Termination "Shushik won on time"]

1. e4 c6 2. d4 d5 3. e5 c5 4.
Nf3 cxd4 5. Nxd4 e6 6. Bd3 Nc6 7. Nxc6 bxc6 8. Nd2 a5 9. Qe2 Qb6 10. O-O Ne7 11. c4 Ng6 12. Nf3 Be7 13. g3 Ba6 14.
Be3 Qb7 15. b3 a4 16. Rab1 axb3 17. Rxb3 Qc8 18. c5 Bxd3 19. Rxd3 O-O 20. h4 Qc7 21.
Bd4 Rfb8 22. Ng5 h6 23. Nxf7 Kxf7 24. Qh5 Rf8 25. f4 Kg8 26. Qxg6 Qd7 27. f5 exf5 28.
e6 1-0

[Event "Early-Titled-Tuesday-Blitz-May-14-2024"]
[Site "Chess.com"]
[Date "2024.05.14"]
[Round "9"]
[White "Andrei_Skvortsov"]
[Black "platy3"]
[Result "0-1"]
[WhiteElo "2763"]
[BlackElo "2877"]
[TimeControl "180+1"]
[EndTime "9:45:57 PDT"]
[Termination "platy3 won by checkmate"]

1. e4 c5 2. d4 cxd4 3. Qxd4 Nc6 4. Qd3 Nf6 5. Nc3 d6 6. Nf3 Bg4 7. h3 Bh5 8. Be2 e6 9. Bg5 Be7 10. O-O-O Qa5 11. Qe3 O-O 12. Kb1 Rac8 13. Bf4 Ne5 14. g4 Bg6 15. Nxe5 dxe5 16. Bg3 Bc5 17. Qc1 Bd4 18. g5 Nxe4 19. Nxe4 Bxe4 20. Bd3 Bd5 21. c4 Bxh1 22. Rxh1 b5 23. b3 bxc4 24. Bxc4 Rc6 25. Qe1 Qb6 26. Qe2 Rfc8 27. Rc1 a5 28. Rc2 a4 29.
Qd3 axb3 30. axb3 Qa5 31. Ra2 Rxc4 32. Rxa5 Rc1+ 33. Ka2 Ra1# 0-1

[Event "Early-Titled-Tuesday-Blitz-May-14-2024"]
[Site "Chess.com"]
[Date "2024.05.14"]
[Round "9"]
[White "Lion-Al-Messi"]
[Black "Anton_Demchenko"]
[Result "0-1"]
[WhiteElo "2599"]
[BlackElo "2866"]
[TimeControl "180+1"]
[EndTime "9:46:04 PDT"]
[Termination "Anton_Demchenko won by checkmate"]

1. e4 e5 2. Nf3 Nc6 3. Bb5 a6 4. Ba4 Nge7 5. O-O Ng6 6. Nc3 Bc5 7.
Nd5 O-O 8. c3 d6 9. d4 Ba7 10.
h3 Kh8 11. Be3 f5 12. exf5 Bxf5 13. dxe5 Ncxe5 14. Nd4 Bxh3 15. gxh3 Bxd4 16. cxd4 Nf3+ 17. Kh1 Qc8 18. Kg2 Ngh4+ 19. Kg3 Qe6 20. Qd3 Qxd5 21.
Bd7 Ne5 22. Qe2 Qg2+ 23. Kxh4 Rf4+ 24. Bg4 Rxg4+ 25. hxg4 Qh2+ 26. Kg5 Qh6+ 27. Kf5 Rf8+ 28. Ke4 Qg6+ 29. Kd5 c6# 0-1

[Event "Early-Titled-Tuesday-Blitz-May-14-2024"]
[Site "Chess.com"]
[Date "2024.05.14"]
[Round "9"]
[White "agvega14"]
[Black "Anu-triz"]
[Result "1-0"]
[WhiteElo "2166"]
[BlackElo "2275"]
[TimeControl "180+1"]
[EndTime "9:46:06 PDT"]
[Termination "agvega14 won by resignation"]

1. e4 e5 2. Nf3 Nc6 3. d4 exd4 4.
Bc4 Nf6 5. e5 Ne4 6. O-O Be7 7.
Re1 Nc5 8. Nxd4 O-O 9. Nf5 Ne6 10. Nxe7+ Qxe7 11. Nc3 Qh4 12. Re4 Qd8 13. Be3 Ne7 14.
Qh5 g6 15. Qh3 Nf5 16. Nd5 h5 17. Nf6+ Kg7 18. Nxh5+ gxh5 19. Qxf5 d5 20. exd6 Qxd6 21. Qxh5 f5 22. Qh6+ Kf7 23. Bg5 b5 24. Qf6+ Kg8 25.
Bxe6+ Bxe6 26. Qxe6+ Qxe6 27. Rxe6 1-0

[Event "Early-Titled-Tuesday-Blitz-May-14-2024"]
[Site "Chess.com"]
[Date "2024.05.14"]
[Round "9"]
[White "Maria_Elayza"]
[Black "HanSchut"]
[Result "1-0"]
[WhiteElo "2285"]
[BlackElo "2380"]
[TimeControl "180+1"]
[EndTime "9:46:09 PDT"]
[Termination "Maria_Elayza won by resignation"]

1. d4 Nf6 2. Bf4 d5 3. e3 e6 4. Nf3 Bd6 5. Bg3 b6 6. Bd3 Bb7 7. c3 Ne4 8. Nbd2 O-O 9. Ne5 f6 10. Nef3 Nd7 11. Qc2 f5 12. Ne5 Bxe5 13. Bxe5 Nxe5 14.
dxe5 Qe7 15. Bxe4 fxe4 16. f4 exf3 17. Nxf3 c5 18. O-O-O b5 19. h4 b4 20. h5 h6 21.
Rdf1 a5 22. g4 bxc3 23. Qxc3 d4 24. exd4 Bxf3 25. Rxf3 cxd4 26. Rxf8+ Qxf8 27. Qxd4 Rd8 28. Qe3 Qb4 29. Re1 Rd2 30. Qxd2 Qxg4 31. Kb1 Qxh5 32. Rd1 Qxe5 33. Qc2 Qf6 34. Rc1 h5 35. Qe4 h4 36.
Rc8+ Kf7 37. Rc3 g5 38. Rf3 1-0

[Event "Early-Titled-Tuesday-Blitz-May-14-2024"]
[Site "Chess.com"]
[Date "2024.05.14"]
[Round "9"]
[White "Revan_2002"]
[Black "biveklama"]
[Result "1-0"]
[WhiteElo "2745"]
[BlackElo "2577"]
[TimeControl "180+1"]
[EndTime "9:46:10 PDT"]
[Termination "Revan_2002 won on time"]

1. d4 d5 2. c4 c6 3. Nf3 Nf6 4. e3 Bg4 5. h3 Bxf3 6. Qxf3 e6 7. Nc3 Nbd7 8. Bd3 Bb4 9. O-O O-O 10. e4 Bxc3 11.
bxc3 dxe4 12. Bxe4 Nxe4 13. Qxe4 Nf6 14. Qf3 b5 15. Qxc6 bxc4 16. Qxc4 Rc8 17. Qd3 Qc7 18.
Bd2 Nd5 19. Rfc1 Qc4 20. Qg3 Rfe8 21. Bh6 g6 22. Bd2 Qe2 23. Be1 Rc4 24. Rab1 Qxa2 25. Qf3 Qa3 26. Ra1 Qe7 27. Ra6 Rec8 28. Rca1 R8c7 29.
R6a3 Kg7 30. Bd2 h6 31. Qg3 g5 32. h4 f6 33. f4 Kg6 34. fxg5 hxg5 35. Qd3+ f5 36.
Bxg5 Qd6 37. Bd2 a5 38. Qf3 Qe7 39. h5+ Kh7 40. Qg3 Qg7 41. Qd6 1-0

[Event "Early-Titled-Tuesday-Blitz-May-14-2024"]
[Site "Chess.com"]
[Date "2024.05.14"]
[Round "9"]
[White "maximnovik"]
[Black "jinbojinbo"]
[Result "1-0"]
[WhiteElo "2544"]
[BlackElo "2640"]
[TimeControl "180+1"]
[EndTime "9:46:10 PDT"]
[Termination "maximnovik won by resignation"]

1. e4 e5 2. Nf3 Nc6 3. Bc4 Bc5 4.
d3 Nf6 5. h3 O-O 6. Nc3 a6 7. a3 b5 8. Ba2 Be7 9. Nd5 d6 10. c3 Bb7 11. O-O Qd7 12. Re1 h6 13. d4 exd4 14. cxd4 Nxd5 15. Bxd5 Nd8 16. Bxb7 Nxb7 17.
Be3 d5 18. Ne5 Qe6 19. exd5 Qxd5 20. Rc1 c5 21. Qg4 cxd4 22. Bxh6 Bf6 23. Nd7 Qd6 24. Nxf8 Qxf8 25. Bg5 Bxg5 26. Qxg5 Na5 27. Rc7 Re8 28. Rxe8 Qxe8 29. Qf5 g6 30. Rc8 gxf5 31. Rxe8+ Kg7 32. Rd8 Nb3 33. Kf1 Kf6 34. Rd6+ Ke5 35. Rxa6 d3 36. Rb6 Ke4 37. Ke1 Nd4 38. Rb8 Nb3 39. Rxb5 1-0

[Event "Early-Titled-Tuesday-Blitz-May-14-2024"]
[Site "Chess.com"]
[Date "2024.05.14"]
[Round "9"]
[White "SoCalJuniorChess"]
[Black "Tigranpatagonian"]
[Result "0-1"]
[WhiteElo "2224"]
[BlackElo "2379"]
[TimeControl "180+1"]
[EndTime "9:46:10 PDT"]
[Termination "Tigranpatagonian won by resignation"]

1. d4 Nf6 2. Nc3 e6 3. Bf4 Bb4 4. Qd3 c5 5. a3 Qa5 6. dxc5 Na6 7. O-O-O Bxc3 8. Qxc3 Qxc3 9. bxc3 Nxc5 10. Bd6 Nfe4 11. Bxc5 Nxc5 12. f3 b6 13. e4 Bb7 14. Ne2 Rc8 15.
Nd4 a6 16. e5 Ke7 17. Kd2 b5 18. Rb1 Bd5 19. Rb4 Na4 20. c4 Bxc4 21. Bxc4 Rxc4 22.
Rxc4 bxc4 23. Rb1 Rc8 24. Rb4 c3+ 25. Kd3 Nb2+ 26. Ke2 Nc4 27. f4 Nxa3 28. Ra4 Nb5 29. Nb3 Rc6 30. Na5 Rc5 31. Nb3 Rd5 32. Rxa6 Nd4+ 33.
Nxd4 Rxd4 34. Ke3 Rd2 35. Ra2 Rxg2 36. Kd3 Rxh2 37. Kxc3 Rf2 38. Ra4 h5 39. Kd3 h4 40.
c4 Rxf4 0-1

[Event "Early-Titled-Tuesday-Blitz-May-14-2024"]
[Site "Chess.com"]
[Date "2024.05.14"]
[Round "9"]
[White "ItsCheckM8Mate"]
[Black "dinushkipremanath"]
[Result "0-1"]
[WhiteElo "2249"]
[BlackElo "2096"]
[TimeControl "180+1"]
[EndTime "9:46:10 PDT"]
[Termination "dinushkipremanath won by resignation"]

1. d4 e6 2. Bf4 d5 3. Nc3 f5 4. Qd2 Nf6 5. f3 c6 6. O-O-O Bb4 7. e3 O-O 8. Bd3 b6 9. a3 Bd6 10. Nge2 c5 11. dxc5 bxc5 12. e4 e5 13. Bg5 d4 14.
Bc4+ Kh8 15. Nd5 Nc6 16. exf5 Bxf5 17. Nxf6 gxf6 18. Bh6 Re8 19. Ng3 Be6 20. Bxe6 Rxe6 21. Nf5 Bf8 22. Qd3 Ne7 23. Bxf8 Qxf8 24. g4 Rb6 25. f4 Ng6 26. fxe5 Nxe5 27. Qe4 Rab8 28. b3 d3 29. g5 c4 30. gxf6 Qxf6 31. Nd4 dxc2 32. Rdf1 Nd3+ 33. Kxc2 Qg7 34. Rhg1 Rg6 35. Rxg6 Qxg6 36. Qe5+ Nxe5+ 0-1

[Event "Early-Titled-Tuesday-Blitz-May-14-2024"]
[Site "Chess.com"]
[Date "2024.05.14"]
[Round "9"]
[White "average_trans"]
[Black "hongnhung1234"]
[Result "1-0"]
[WhiteElo "2377"]
[BlackElo "2549"]
[TimeControl "180+1"]
[EndTime "9:46:11 PDT"]
[Termination "average_trans won by checkmate"]

1. c3 f5 2. d4 Nf6 3. Bg5 e6 4. Nd2 Be7 5. Bxf6 Bxf6 6. e4 O-O 7. e5 Be7 8. f4 c5 9. Ngf3 d6 10. dxc5 dxe5 11. Nxe5 Bxc5 12. Ndf3 Qb6 13. Nd3 Be3 14. Qb3 Qd6 15. g3 b6 16. Rd1 Bb7 17. Nde5 Qe7 18.
Bc4 Re8 19. Ke2 Bc5 20. Ng5 Ba6 21. Bxa6 Nxa6 22. Rd7 Qf6 23. Rhd1 Qh6 24. h4 Nb8 25. Rd8 Na6 26. Rxa8 Rxa8 27. Nxe6 Qh5+ 28. g4 fxg4 29. Ng5+ Kf8 30. Nxh7+ Ke7 31. Rd7+ Ke8 32. Qg8+ Bf8 33. Qxf8# 1-0

[Event "Early-Titled-Tuesday-Blitz-May-14-2024"]
[Site "Chess.com"]
[Date "2024.05.14"]
[Round "9"]
[White "ravengelic"]
[Black "DonkyDonkyDonkey"]
[Result "0-1"]
[WhiteElo "2717"]
[BlackElo "2925"]
[TimeControl "180+1"]
[EndTime "9:46:12 PDT"]
[Termination "DonkyDonkyDonkey won by resignation"]

1. d4 Nf6 2. Bf4 g6 3. e3 Bg7 4.
Nf3 O-O 5. Bc4 d6 6. O-O Nbd7 7. h3 c5 8. c3 Nb6 9. Be2 Bf5 10. Nbd2 Rc8 11. a4 cxd4 12. exd4 Ne4 13. a5 Nxd2 14.
Nxd2 Nd5 15. Bg3 e5 16. Bf3 Be6 17. c4 Nb4 18. Bxb7 Rb8 19. d5 Bxh3 20. a6 Bf5 21. Qa4 Nc2 22. Rac1 Nd4 23. Rfe1 Bh6 24. Qd1 Qg5 25. Nf3 Qxc1 26. Nxd4 Qxd1 27. Rxd1 Bg4 28. f3 Be3+ 29. Kh2 Bxd4 30. fxg4 Bxb2 31. Bf2 Bd4 32. Rxd4 exd4 33. Bxd4 Rxb7 34. axb7 Rb8 35. Bxa7 Rxb7 36. Bf2 Rc7 37. c5 Rxc5 38. Bxc5 dxc5 39.
d6 Kf8 0-1